cohdb
Replays
Latest Replays
All Replays
Popular Replays
Top Player Replays
Match Explorer
How It Works
Community
CoH3 Stats
Reddit
Sign in to upload your games and track your stats! →
Sign in with Steam
Match 21501514
Unlisted
Match 21501514
Overview
Messages
Build Orders
End
Kettenkrad Recon Vehicle
Construct Infanterie Kompanie
Selects Breakthrough Battlegroup
Grenadier Squad
Selects Assault Grenadiers
Grenadier Squad
MG 42 Machine Gun Team
Infanterie Officer Quarters
MG 42 Machine Gun Team
Construct Panzergrenadier Kompanie
Panzergrenadier Squad
Selects Breakthrough
Selects Mechanized Assault Group
Mechanized Assault Group
Selects Rapid Production
Support Elements
Nebelwerfer 42 Rocket Launcher Team
Pak 40 Anti-tank Gun Team
Pak 40 Anti-tank Gun Team
Panzergrenadier Officer Quarters
Selects Blitzkrieg
Panzergrenadier Squad
KoRneY
[CoA] Deathkrieg
Vodyani Fox
KusseKarl
Zulu
water
0
0
Comments
sign in to comment!
No comments posted yet!